 Dungeon Crawl Stone Soup version 0.30-a0-989-g0d87f670db (webtiles) character file.

Game seed: 10680273061226049251

65 mopl the Shooter (level 4, -2/34 HPs)
             Began as a Barachi Hunter on Apr 3, 2023.
             Slain by Terence
             ... wielding a +0 flail
              (8 damage)
             ... on level 3 of the Dungeon.
             The game lasted 00:01:45 (966 turns).

mopl the Shooter (Barachi Hunter)                    Turns: 966, Time: 00:01:46

Health: -2/34      AC:  3    Str: 21    XL:     4   Next: 14%
Magic:  4/4        EV: 12    Int:  9    God:
Gold:   42         SH:  0    Dex: 15    Spells: 3/3 levels left

rFire   + . .      SeeInvis .    g - +0 short sword (venom)
rCold   + . .      Faith    .    (no shield)
rNeg    . . .      Spirit   .    c - +0 leather armour
rPois   +          Reflect  .    (no helmet)
rElec   +          Rampage  .    (no cloak)
rCorr   +                        (no gloves)
Will    .....                    (no boots)
Stlth   +                        (no amulet)
HPRegen 0.25/turn                h - +6 ring of strength
MPRegen 0.09/turn                (no ring)

@: resistant, unable to hop, flying, slow
A: amphibious, slowness 1, strong legs 1, +LOS
a: Hop


You were on level 3 of the Dungeon.
You visited 1 branch of the dungeon, and saw 3 of its levels.

You collected 42 gold pieces.

Inventory:

Hand Weapons
 a - a +0 shortbow
 g - a +0 short sword of venom (weapon)
Armour
 c - a +0 leather armour (worn)
Jewellery
 h - a +6 ring of strength (left hand)
Scrolls
 b - a scroll of immolation
 e - 2 scrolls of identify {unknown}
 f - a scroll of summoning {unknown}


   Skills:
 - Level 2.4 Fighting
 * Level 5.6 Ranged Weapons
 - Level 2.1 Dodging
 - Level 0.8 Stealth


You had 3 spell levels left.
You didn't know any spells.
Your spell library was empty.

Dungeon Overview and Level Annotations

Branches:
Dungeon (3/15)

Altars:

Annotations:
D:2 Sigmund
D:3 Terence


Innate Abilities, Weirdness & Mutations

You are amphibious.
You cover ground slowly.
You can hop short distances.
You have an extended range of vision and can be seen from far away.


Message History

The grasping roots grab you!
The now-empty wand crumbles to dust.
The grasping roots constrict you.
The roots grasp on you weakens, but your attempt to escape fails.
The grasping roots constrict you.
An endoplasm comes into view.
You escape the roots grasp.
Terence attacks as you move away! Terence closely misses you.
Terence attacks as you move away! Terence barely misses you.
Terence closely misses you. Something hits you!
There is an escape hatch in the floor here.
Terence barely misses you. Something hits you!
* * * LOW HITPOINT WARNING * * *
You slide downwards.
The hatch slams shut behind you.
Reactivating autopickup.
You are too injured to fight recklessly!
Hop to where?
Press: ? - help, Dir - move target Boing!
You aren't carrying any items that you can evoke.
Okay, then.
Your +0 short sword of venom begins to drip with poison!
g - a +0 short sword of venom (weapon)
You closely miss Terence. Terence hits you with a +0 flail.
* * * LOW HITPOINT WARNING * * *
You hit Terence.
Terence is poisoned.
Terence is lightly wounded.
Terence closely misses you.
It was a potion of flight.
You feel very buoyant.
You fly up into the air.
Terence completely misses you.
It was a potion of resistance.
You feel protected. Terence barely misses you.
You hit Terence.
Terence looks as sick as possible!
Terence is heavily wounded.
Terence closely misses you.
You hit Terence.
Terence looks as sick as possible!
Terence is heavily wounded.
Terence hits you with a +0 flail!
You die...

## .# .. .#
#. .. ..###
.# ... .#
#.#.##
#....######
#.@........
##@..######
..........##
..#########


You could see Terence (extremely poisoned).

Vanquished Creatures
  2 adders (D:2)
  2 dart slugs (D:1)
  2 ball pythons
  5 endoplasms
  A giant cockroach (D:2)
  3 goblins
  5 hobgoblins
  4 jackals (D:1)
  3 kobolds (D:1)
  2 quokkas
  3 bats
  2 frilled lizards
  6 rats (D:1)
40 creatures vanquished.

Notes
Turn   | Place    | Note
-------+----------+-------------------------------------------
     0 | D:1      | mopl the Barachi Hunter began the quest for the Orb.
     0 | D:1      | Reached XP level 1. HP: 17/17 MP: 1/1
   156 | D:1      | Reached XP level 2. HP: 23/23 MP: 2/2
   403 | D:1      | Reached XP level 3. HP: 28/28 MP: 3/3
   419 | D:1      | Reached skill level 5 in Ranged Weapons
   819 | D:2      | Reached XP level 4. HP: 34/34 MP: 4/4
   941 | D:2      | Noticed Sigmund
   943 | D:2      | Noticed Terence
   966 | D:3      | Slain by Terence

Illustrated notes

Levels and vault maps discovered:
D:1:      onia_arrival_mini_maze, layout_loops_cross, chequers_decorated_corner
D:2:      layout_loops_ring, hangedman_decor_push, uniq_terence, uniq_sigmund,
          uniq_robin
D:3:      layout_loops_ring, nicolae_ru_path_of_blood,
          mainiacjoe_overflow_brackets, mainiacjoe_overflow_small_starburst,
          shapermc_ecumenical_altar_venn, minmay_gold_behind_fungi,
          kennysheep_cross_room, minivault_23, uniq_jessica

Skill      XL: |  1  2  3 |
---------------+----------+-----
Ranged Weapons | 5 |  5.6
Fighting       | |  2.4
Dodging        | |  2.1
Stealth        | |  0.8

Action                     |  1- 3 |  4- 6 || total
---------------------------+-------+-------++-------
  Melee: Short sword       |       |     4 ||     4
   Fire: Shortbow          |    81 |     8 ||    89
Ability: Hop               |       |     1 ||     1
    Use: Potion            |       |     2 ||     2
 Armour: Leather armour    |     7 |       ||     7
  Dodge: Dodged            |    12 |     8 ||    20

Table legend: (Time is in decaauts)
 A = Elapsed time spent in this place.
 B = Non-inter-level travel time spent in this place.
 C = Inter-level travel time spent in this place.
 D = Time resting spent in this place.
 E = Time spent auto-exploring this place.
 F = Levels seen in this place.
 G = Mean time per level.
                   A        B        C        D        E       F      G
               +--------+--------+--------+--------+--------+-----+--------+
         Total |   1160 |   1114 |     46 |      0 |    912 |   3 |  386.7 |
       Dungeon |   1160 |   1114 |     46 |      0 |    912 |   3 |  386.7 |
               +--------+--------+--------+--------+--------+-----+--------+

Top non-repeatable levels by time:
     D:1: 831 daAuts
     D:2: 322 daAuts
     D:3: 7 daAuts
